 Dungeon Crawl Stone Soup version 0.27.1-1-g398f81649c (webtiles) character file.

Game seed: 5491667178102505782

80 Squid the Conjurer (level 4, -3/33 HPs)
             Began as a Draconian Conjurer on Sept 14, 2021.
             Was a Follower of Zin.
             Succumbed to Robin's poison
             ... on level 3 of the Dungeon.
             The game lasted 00:09:22 (2614 turns).

Squid the Conjurer (Draconian Conjurer)             Turns: 2614, Time: 00:09:22

Health: -3/33      AC:  5    Str:  9    XL:     4   Next: 18%
Magic:  0/7        EV: 12    Int: 19    God:    Zin [*.....]
Gold:   33         SH:  0    Dex: 10    Spells: 4/7 levels left

rFire    . . .     SeeInvis .   f - +0 short sword (venom)
rCold    . . .     Faith    .   (no shield)
rNeg     . . .     Spirit   .   (armour unavailable)
rPois    .         Reflect  .   (helmet restricted)
rElec    .         Harm     .   (no cloak)
rCorr    .         Rampage  .   (no gloves)
Will     .....                  (no boots)
Stlth    ++........             (no amulet)
HPRegen  0.11/turn              (no ring)
MPRegen  0.10/turn              (no ring)

@: lethally poisoned (-3 -> -28), on recite cooldown, hasted, very quick
A: AC +5, unfitting armour, cold-blooded
a: Renounce Religion, Recite, Donate Gold


You were on level 3 of the Dungeon.
You worshipped Zin.
Zin was aware of your devotion.
You visited 1 branch of the dungeon, and saw 3 of its levels.

You collected 36 gold pieces.
You donated 3 gold pieces to Zin.

Inventory:

Hand Weapons
 a - a +0 dagger
 f - a +0 short sword of venom (weapon)
Scrolls
 b - a scroll of teleportation
 e - a scroll of vulnerability
 g - a scroll of blinking
Potions
 c - a potion of flight {unknown}
 d - a potion of magic {unknown}
 h - a potion of haste


   Skills:
 + Level 2.0 Dodging
 + Level 2.1 Stealth
 + Level 2.4 Spellcasting
 + Level 5.2 Conjurations
 + Level 0.1 Invocations


You had 4 spell levels left.
You knew the following spells:

 Your Spells              Type           Power      Damage    Failure   Level
a - Magic Dart            Conj           88%        1d7       1%          1
b - Searing Ray           Conj           44%        3d4       3%          2

Your spell library contained the following spells:

 Spells                   Type           Power      Damage    Failure   Level
 Dazzling Flash           Conj/Hex       24%        N/A       17%         3
 Fulminant Prism          Conj/Hex       6%         3d7       50%         4
 Iskenderun's Mystic Bla  Conj/Tloc      12%        2d5       50%         4


Dungeon Overview and Level Annotations

Branches:
Dungeon (3/15)

Altars:
Zin

Annotations:
D:3 Robin


Innate Abilities, Weirdness & Mutations

Your plain brown scales are hard. (AC +5)
You cannot fit into any form of body armour.
You are cold-blooded and may be slowed by cold attacks.


Message History

Robin says, "Kneel, worm!"
The goblin unwields a +0 hunting sling.
The goblin wields a +0 club.
The goblin barely misses you. Robin throws the goblin at you!
You fail to use your ability.
The goblin closely misses you. The goblin hits you but does no damage.
The goblin hits you with a +0 dagger.
You clear your throat and prepare to recite. "When the law of the land faltered, Zin rose..."
You hear a shout!
The goblin hits you with a +0 club. x2; The goblin barely misses you.
Casting: Searing Ray (safe; 3% risk of failure)
Confirm with . or Enter, or press ? or * to list all spells.
Aiming: Searing Ray (safe; 3% risk of failure)
Press: ? - help, Shift-Dir - straight line, f - Robin, p - goblin
Aim: Robin, wielding a +2 spear of venom, wearing a +0 animal skin and wearing a +0 helmet (fast, 84% to hit)
The searing ray hits the goblin!
You kill the goblin!
The searing ray hits Robin!
Robin is heavily wounded. (Press . to maintain the ray.) "...from the silver throne, and the servants of Hell were..."
The goblin is dazed by your recitation.
The goblin shouts!
The goblin barely misses you.
Robin hits you from afar with a +2 spear of venom.
You are lethally poisoned!
The goblin hits you with a +0 dagger.
* * * LOW HITPOINT WARNING * * *
You feel yourself speed up. "...purified.
And it was thus that the law was made good."
The goblin is dazed by your recitation.
The goblin shouts!
You finish reciting Anathema 25:56.
* * * LOW HITPOINT WARNING * * *
You feel very sick. Robin closely misses you. The goblin barely misses you.
The goblin is lost in a daze.
Robin hits you from afar with a +2 spear of venom.
* * * LOW HITPOINT WARNING * * *
You are more poisoned.
You die...

#.# #.#.##..............# #.#
#.#.....#..##.##.).## #.#
#.####........##...# #.#
#.####.##..#####...# ..#
#.......#..# #...# ###
#.#..(.....# #...### #..........#
#.#...# ##.#......g######.###.#
#.........@.)g.....##.#
#######.....#.###g.......##.#
............#.###.######.##.#
#######............# #.##.#
#.......###..# #[##.#
##########.#..###..### #.##.#
......# #.#..##.....# #.##.#####
......####.#..##...#.###.##......
.............................####


You could see Robin (fast) and 2 goblins.

Vanquished Creatures
  3 adders (D:3)
  A dart slug (D:1)
  4 bats
  2 endoplasms
  A giant cockroach (D:3)
  6 goblins (D:3)
  7 hobgoblins
  3 jackals (D:3)
  3 quokkas
  2 ball pythons
  2 frilled lizards
  5 kobolds
  8 rats
47 creatures vanquished.

Notes
Turn   | Place    | Note
-------+----------+-------------------------------------------
     0 | D:1      | Squid the Draconian Conjurer began the quest for the Orb.
     0 | D:1      | Reached XP level 1. HP: 14/14 MP: 3/3
   438 | D:1      | Reached XP level 2. HP: 20/20 MP: 1/5
   707 | D:1      | Found a faded altar of an unknown god.
   913 | D:1      | Became a worshipper of Zin the Law-Giver
   913 | D:1      | Reached * piety under Zin
  1236 | D:1      | Learned a level 2 spell: Searing Ray
  1623 | D:2      | Reached XP level 3. HP: 26/26 MP: 1/6
  1750 | D:2      | You fall into a shaft and drop 1 floor!
  1763 | D:3      | Reached skill level 5 in Conjurations
  2277 | D:3      | Reached XP level 4. HP: 33/33 MP: 3/7
  2569 | D:3      | Noticed Robin
  2613 | D:3      | HP: 1/33 [Robin (5)]
  2614 | D:3      | Succumbed to Robin's poison

Illustrated notes

Levels and vault maps discovered:
D:1:      minmay_arrival_four_houses, layout_loops_corners,
          shapermc_ecumenical_altar_mp_highgroup
D:2:      layout_basic, serial_glass, glass_columns_a, glass_columns_a,
          basic_altar
D:3:      layout_loops_ring, uniq_robin

Skill      XL: |  1  2  3 |
---------------+----------+-----
Conjurations   | 5 |  5.2
Stealth        | 2 |  2.1
Dodging        | 2 |  2.0
Spellcasting   | |  2.4
Invocations    | |  0.1

Action                   |  1- 3 |  4- 6 || total
-------------------------+-------+-------++-------
Melee: Unarmed           |     3 |       ||     3
       Dagger            |     2 |       ||     2
       Short sword       |     5 |       ||     5
       Tailslap          |     1 |       ||     1
 Cast: Magic Dart        |    62 |     5 ||    67
       Searing Ray       |     1 |     4 ||     5
Invok: Recite            |       |     2 ||     2
  Use: Scroll            |     3 |       ||     3
       Potion            |       |     1 ||     1
Armor: Skin              |     5 |     8 ||    13
Dodge: Dodged            |    12 |    16 ||    28
